AoeStats
← [MNKD] JokinG

African Clearing

506138088Analyzed
4v4 RM · 18d ago on Sep 12, 2026· 60m 44s· 8 players
Game mode
Random Map
Map size
Large (8 player)
Population
200
Speed
Normal
Resources
Standard
Victory
Conquest
Starting age
Dark Age
Ending age
Imperial Age
RankedLock teamsTeams togetherTeam positionsShared explorationLock speedFull tech treeHidden civsTurbo modeCheats
Victory
Defeat
🇭🇰 Inca · Hong Kong SAR China
1248
+18
🇦🇷 Spanish · Argentina
1245
+18
🇫🇷 Berbers · France
1237
+18
🇹🇼 Wei · Taiwan
1235
+18
🇪🇸 Byzantines · Spain
1409
-22
🇪🇸 Saracens · Spain
1281
-18
🇪🇸 Spanish · Spain
1238
-16
🇪🇸 Armenians · Spain
1230
-16
H wont help
4:49 Loom
13:37 Feudal Age
14:28 Double-Bit Axe
14:52 Gold Mining
19:48 Castle Age
17:43 Horse Collar
19:11 Stone Mining
18:59 Champi Runner
21:12 Wheelbarrow
21:44 Town Watch
24:50 Arson
25:54 Squires
25:17 Champi Warrior
26:32 Squires
28:06 Bow Saw
28:07 Scale Mail Armor
31:11 Hand Cart
32:22 Forging
35:55 Imperial Age
33:34 Fletching
34:46 Iron Casting
34:08 Treadmill Crane
35:01 Chain Mail Armor
34:59 Heavy Plow
35:25 Ballistics
35:01 Murder Holes
35:45 Thumb Ring
35:36 Bodkin Arrow
35:16 Elite Skirmisher
36:29 Arrowslits
38:54 Chemistry
39:16 Siege Engineers
39:53 Crop Rotation
41:03 Blast Furnace
40:34 Plate Mail Armor
40:14 Elite Champi Warrior
41:46 Pikeman
42:48 Bracer
42:48 Padded Archer Armor
43:00 Fortified Wall
42:23 Elite Kamayuk
44:47 Leather Archer Armor
45:06 Capped Ram
45:31 Crossbowman
45:48 Capped Ram
46:24 Arbalester
50:12 Fabric Shields
50:33 Conscription
50:27 Masonry
50:49 Ring Archer Armor
50:40 Siege Ram
52:12 Town Patrol
52:46 Andean Sling
54:44 Gold Shaft Mining
57:15 Halberdier
櫻京郝應
3:51 Loom
14:08 Feudal Age
14:37 Double-Bit Axe
15:23 Fishing Lines
21:55 Castle Age
21:05 Fletching
21:56 Gold Mining
22:34 Bloodlines
22:29 Gillnets
22:57 Bow Saw
22:49 Bodkin Arrow
24:22 Wheelbarrow
25:48 Padded Archer Armor
26:41 Ballistics
26:58 Horse Collar
29:13 Heavy Plow
29:12 Gillnets
32:33 Hand Cart
32:28 Stone Mining
35:57 Imperial Age
34:14 Hand Cart
35:13 Thumb Ring
35:45 Leather Archer Armor
36:57 Husbandry
38:03 Chemistry
37:08 Bracer
37:38 Ring Archer Armor
39:58 Conscription
39:40 Tuntian
40:09 Scale Barding Armor
40:14 Forging
40:39 Light Cavalry
41:44 Chain Barding Armor
42:34 Gold Shaft Mining
42:11 Hussar
44:17 Iron Casting
44:24 Crop Rotation
43:53 Town Watch
44:51 Parthian Tactics
44:13 Treadmill Crane
45:09 Ming Guang Armor
46:00 Blast Furnace
48:16 Masonry
48:17 Careening
47:34 Heavy Hei Guang Cavalry
Agua Mineral
3:00 Loom
14:13 Feudal Age
15:23 Double-Bit Axe
16:48 Stone Mining
19:32 Castle Age
18:20 Horse Collar
18:31 Town Watch
24:55 Heavy Plow
30:27 Fletching
34:16 Padded Archer Armor
41:34 Light Cavalry
42:25 Bloodlines
42:15 Husbandry
43:12 Forging
43:08 Scale Barding Armor
44:48 Iron Casting
45:29 Gold Mining
46:15 Stone Shaft Mining
49:28 Imperial Age
49:15 Chain Barding Armor
50:09 Wheelbarrow
49:56 Hussar
51:00 Bodkin Arrow
52:28 Bracer
57:37 Hand Cart
Digit
4:12 Loom
15:02 Feudal Age
19:30 Castle Age
19:47 Stone Mining
21:50 Fletching
25:48 Padded Archer Armor
26:52 Leather Archer Armor
28:09 Bodkin Arrow
30:59 Bloodlines
30:38 Horse Collar
31:30 Scale Barding Armor
30:47 Light Cavalry
32:19 Double-Bit Axe
33:11 Wheelbarrow
33:07 Chain Barding Armor
34:03 Bow Saw
33:57 Heavy Plow
34:41 Forging
35:54 Hand Cart
35:25 Town Watch
36:38 Gold Mining
37:24 Stone Shaft Mining
40:42 Imperial Age
38:26 Husbandry
40:04 Gold Shaft Mining
40:31 Iron Casting
40:58 Kasbah
42:08 Ring Archer Armor
43:38 Conscription
43:45 Ballistics
44:58 Chemistry
45:24 Blast Furnace
44:45 Hussar
45:35 Treadmill Crane
47:28 Elite Camel Archer
52:21 Maghrebi Camels
52:57 Hoardings
55:33 Heavy Camel Rider
58:58 Bracer
59:35 Plate Barding Armor
SuterOne
5:36 Loom
17:13 Feudal Age
18:00 Double-Bit Axe
24:06 Castle Age
26:46 Horse Collar
33:59 Wheelbarrow
35:59 Bloodlines
40:56 Imperial Age
40:10 Town Watch
40:23 Gold Mining
42:27 Conscription
43:41 Chemistry
42:57 Husbandry
47:39 Elite Skirmisher
49:57 Thumb Ring
50:43 Padded Archer Armor
50:34 Fletching
51:11 Pikeman
52:14 Halberdier
56:57 Bodkin Arrow
57:18 Leather Archer Armor
58:16 Squires
58:21 Scale Mail Armor
58:31 Forging
[MNKD] JokinG
6:20 Loom
14:53 Feudal Age
16:28 Double-Bit Axe
18:45 Castle Age
18:50 Stone Mining
20:04 Bow Saw
24:34 Fletching
25:00 Horse Collar
26:03 Bodkin Arrow
26:21 Padded Archer Armor
31:49 Ballistics
32:24 Gold Mining
35:15 Wheelbarrow
36:38 Leather Archer Armor
40:34 Imperial Age
40:12 Scale Mail Armor
40:26 Masonry
40:24 Man-at-Arms
40:51 Gambesons
41:07 Squires
41:24 Chain Mail Armor
41:20 Forging
40:58 Arson
41:33 Bracer
41:58 Conscription
41:25 Long Swordsman
42:48 Heavy Plow
42:51 Two-Handed Swordsman
44:56 Fereters
45:10 Town Watch
46:50 Plate Mail Armor
50:07 Pikeman
51:20 Halberdier
54:31 Elite Skirmisher
[MNKD] ElActuario
6:11 Loom
13:11 Feudal Age
13:59 Feudal Age
18:28 Castle Age
16:27 Double-Bit Axe
17:59 Town Watch
19:55 Bow Saw
19:58 Scale Barding Armor
21:06 Gold Mining
26:19 Forging
27:32 Husbandry
27:42 Bloodlines
30:00 Bloodlines
30:54 Chain Barding Armor
35:48 Imperial Age
37:11 Plate Barding Armor
38:08 Iron Casting
39:23 Wheelbarrow
38:49 Elite Mameluke
40:37 Fletching
42:21 Hand Cart
43:10 Conscription
45:43 Bodkin Arrow
46:50 Blast Furnace
48:02 Light Cavalry
48:45 Bracer
49:00 Hussar
54:54 Chemistry
54:15 Ballistics
54:08 Masonry
JITANOmaleant7
7:10 Loom
15:56 Feudal Age
19:53 Castle Age
19:11 Double-Bit Axe
19:09 Horse Collar
21:04 Fletching
21:40 Padded Archer Armor
22:43 Bodkin Arrow
23:10 Elite Skirmisher
29:06 Bow Saw
30:02 Heavy Plow
30:55 Leather Archer Armor
40:08 Imperial Age
38:14 Wheelbarrow
38:33 Ballistics
40:51 Treadmill Crane
42:14 Chemistry
41:21 Bracer
41:52 Ring Archer Armor
45:05 Thumb Ring
45:32 Pikeman
46:13 Squires
46:18 Halberdier
50:05 Two-Man Saw
49:34 Conscription
52:19 Scale Mail Armor
52:30 Forging
Connection lost

Rejoining the realm…

Still unreachable

The connection could not be restored.

Session expired

The server has moved on; the page needs a fresh start.